 Dungeon Crawl Stone Soup version 0.31-a0-771-g505c3d19dc (webtiles) character file.

Game seed: 16843710959202482810

43 ryw the Shield-Bearer (level 3, -1/29 HPs)
             Began as a Human Fighter on Sept 16, 2023.
             Slain by a goblin
             ... wielding a +2 dagger of electrocution
              (16 damage)
             ... on level 1 of the Dungeon.
             The game lasted 00:01:35 (626 turns).

ryw the Shield-Bearer (Human Fighter)                Turns: 626, Time: 00:01:36

Health: -1/29      AC: 12    Str: 18    XL:     3   Next: 82%
Magic:  3/3        EV:  5    Int:  8    God:
Gold:   45         SH:  4    Dex: 12    Spells: 2/2 levels left

rFire   . . .        a - +0 long sword
rCold   + . .        c - +0 buckler
rNeg    . . .        e - +0 plate armour
rPois   .            h - +0 helmet
rElec   .            (no cloak)
rCorr   .            (no gloves)
SInv    .            (no boots)
Will    .....        b - amulet of faith Stlth
                     g - ring of protection from cold
HPRegen 0.24/turn    (no ring)
MPRegen 0.08/turn

%: faith
@: no status effects
A: no striking features
a: no special abilities


You were on level 1 of the Dungeon.
You visited 1 branch of the dungeon, and saw 1 of its levels.

You collected 45 gold pieces.

Inventory:

Hand Weapons
 a - a +0 long sword (weapon)
Armour
 c - a +0 buckler (worn)
 e - a +0 plate armour (worn)
 h - a +0 helmet (worn)
Jewellery
 b - an amulet of faith (around neck)
 g - a ring of protection from cold (left hand)
Scrolls
 f - a scroll of teleportation {unknown}
 i - a scroll of identify {unknown}
Potions
 d - a potion of might


   Skills:
 + Level 3.3 Fighting
 * Level 2.8 Long Blades
 + Level 3.3 Armour
 + Level 3.3 Shields


You had 2 spell levels left.
You didn't know any spells.
Your spell library contained the following spells:

 Spells                   Type           Power      Damage    Failure   Level
 Blink                    Tloc           0%         N/A       100%        2
 Lesser Beckoning         Tloc           0%         N/A       100%        2
 Momentum Strike          Conj/Tloc      0%         3d8       100%        2
 Ozocubu's Armour         Ice            0%         N/A       100%        3
 Metabolic Englaciation   Hex/Ice        0%         N/A       100%        5
 Simulacrum               Ice/Necr       0%         N/A       100%        6


Dungeon Overview and Level Annotations

Branches:
Dungeon (1/15)

Altars:


Message History

You hit the rat.
The rat is moderately wounded.
The rat barely misses you. The rat bites you but does no damage.
You barely miss the rat.
The rat is moderately wounded.
The rat bites you but does no damage.
You closely miss the rat.
The rat is moderately wounded.
The rat bites you but does no damage.
You hit the rat but do no damage.
The rat is moderately wounded.
You block the rat's attack.
You slash the rat!
You kill the rat!
A quokka and a goblin come into view.
The goblin is wielding a +2 dagger of electrocution.
The goblin shouts!
You slash the quokka!
You kill the quokka!
The goblin barely misses you.
You closely miss the goblin.
The goblin hits you with a +2 dagger of electrocution.
You barely miss the goblin. The goblin hits you but does no damage.
The goblin barely misses you.
You miss the goblin. The goblin hits you but does no damage.
You closely miss the goblin.
The goblin hits you with a +2 dagger of electrocution.
You barely miss the goblin. The goblin hits you but does no damage.
You barely miss the goblin. The goblin hits you but does no damage.
You block the goblin's attack.
You closely miss the goblin. The goblin hits you but does no damage.
You are electrocuted!
You are too injured to fight recklessly!
You are too injured to fight recklessly!
You are too injured to fight recklessly!
Unknown command.
You closely miss the goblin. The goblin hits you but does no damage.
You are electrocuted!
Ouch! That really hurt!
You die...

#.....#####..#.......
#####.÷..#÷.#####....
##.....#######...
####.##.)......)
#############.........
#.........# #.........
#.........###.........
#..!.†................
#....@....###.........
#...g...>†............
#.........############
#.........#
#........>#
###########


You could see a goblin.

Vanquished Creatures
  A gnoll (D:1)
  A ball python (D:1)
  4 endoplasms (D:1)
  4 giant cockroaches (D:1)
  A goblin (D:1)
  3 hobgoblins (D:1)
  4 jackals (D:1)
  2 kobolds (D:1)
  A quokka (D:1)
  2 bats (D:1)
  A frilled lizard (D:1)
  5 rats (D:1)
29 creatures vanquished.

Notes
Turn   | Place    | Note
-------+----------+-------------------------------------------
     0 | D:1      | ryw the Human Fighter began the quest for the Orb.
     0 | D:1      | Reached XP level 1. HP: 18/18 MP: 1/1
   109 | D:1      | Reached XP level 2. HP: 24/24 MP: 2/2
   335 | D:1      | Reached XP level 3. HP: 28/29 MP: 3/3
   626 | D:1      | Slain by a goblin

Illustrated notes

Levels and vault maps discovered:
D:1:      lightli_arrival_windingriver, layout_rooms,
          wander_ebering_terrifying_dragon_lair

Action                     || total
---------------------------++-------
  Melee: Long sword        ||    98
 Armour: Plate armour      ||    85
         Scale mail        ||     2
  Dodge: Dodged            ||    31
  Block: Buckler           ||    32

Table legend: (Time is in decaauts)
 A = Elapsed time spent in this place.
 B = Non-inter-level travel time spent in this place.
 C = Inter-level travel time spent in this place.
 D = Time resting spent in this place.
 E = Time spent auto-exploring this place.
 F = Levels seen in this place.
 G = Mean time per level.
                   A        B        C        D        E       F      G
               +--------+--------+--------+--------+--------+-----+--------+
         Total |    657 |    657 |      0 |    129 |    273 |   1 |  657.0 |
       Dungeon |    657 |    657 |      0 |    129 |    273 |   1 |  657.0 |
               +--------+--------+--------+--------+--------+-----+--------+

Top non-repeatable levels by time:
     D:1: 657 daAuts
